 Dungeon Crawl Stone Soup version 0.22.1-6-g1668fe2c40 (webtiles) character file.

45 Rediskos the Firebug (level 3, 0/20 HPs)
             Began as a Deep Elf Fire Elementalist on Jan 16, 2019.
             Slain by Sigmund
             ... wielding a +0 scythe
              (2 damage)
             ... on level 2 of the Dungeon.
             The game lasted 00:07:48 (2707 turns).

Rediskos the Firebug (Deep Elf Fire Elementalist)   Turns: 2707, Time: 00:07:49

Health: 0/20       AC:  2    Str:  5    XL:     3   Next: 42%
Magic:  10/10      EV: 13    Int: 20    God:
Gold:   55         SH:  0    Dex: 15    Spells: 3/9 levels left

rFire    . . .     SeeInvis .   d - +0 hunting sling
rCold    . . .     Gourm    .   (no shield)
rNeg     . . .     Faith    .   a - +0 robe
rPois    .         Spirit   .   (no helmet)
rElec    .         Reflect  .   (no cloak)
rCorr    .         Harm     .   (no gloves)
MR       .....                  (no boots)
Stlth    +.........             (no amulet)
HPRegen  0.06/turn              (no ring)
MPRegen  0.12/turn              (no ring)

@: confused
A: no striking features
a: no special abilities


You were on level 2 of the Dungeon.
You were not hungry.

You visited 1 branch of the dungeon, and saw 2 of its levels.

You collected 55 gold pieces.

Inventory:

Hand Weapons
 d - a +0 hunting sling (weapon)
 f - a +0 short sword
Missiles
 i - 38 stones (quivered)
Armour
 a - a +0 robe (worn)
Scrolls
 b - 2 scrolls of remove curse {unknown}
 e - 3 scrolls of identify {unknown}
 k - a scroll of blinking {unknown}
Potions
 g - 3 potions of curing {unknown}
 h - a potion of cancellation {unknown}
Comestibles
 c - 6 rations
 j - a chunk of flesh


   Skills:
 + Level 0.9 Fighting
 - Level 3.0 Dodging
 - Level 2.4 Stealth
 + Level 3.5 Spellcasting
 * Level 1.9 Conjurations
 * Level 3.7 Fire Magic


You had 3 spell levels left.
You knew the following spells:

 Your Spells              Type           Power        Failure   Level  Hunger
a - Flame Tongue          Conj/Fire      ##...        4%          1    None
d - Conjure Flame         Conj/Fire      ##......     13%         3    ###....
s - Throw Flame           Conj/Fire      ##....       6%          2    ##.....

Your spell library contained the following spells:

 Spells                   Type           Power        Failure   Level  Hunger
 Inner Flame              Hex/Fire       ##......     19%         3    ###....
 Sticky Flame             Conj/Fire      ##......     38%         4    ####...
 Fireball                 Conj/Fire      ##........   75%         5    ######.


Dungeon Overview and Level Annotations

Branches:
Dungeon (2/15)

Altars:
Qazlal
Sif Muna
Zin

Annotations:
D:2 Sigmund


Message History

Aiming: Flame Tongue (safe; 4% risk of failure)
Press: ? - help, Shift-Dir - straight line, f/p - frilled lizard
Aim: a frilled lizard (heavily wounded)
The flame tongue hits the frilled lizard.
You kill the frilled lizard!
Sigmund mumbles some strange words.
Sigmund flickers and vanishes!
Deactivating autopickup; reactivate with Ctrl-A.
A magic dart appears from out of thin air!
The magic dart hits you!
A puff of flame appears from out of thin air!
The puff of flame hits you!
You are confused.
There is an open door here.
You're too confused to move!
A magic dart appears from out of thin air!
The magic dart hits you!
* * * LOW HITPOINT WARNING * * *
You bump into the rock wall.
Something hits you.
You die...

#.#.#######.##..# #..#
###.#.........##..######..#
#.....##########..........#
#.###.## ##'########.# #.# #..#
##...## #.# #.###..# ##.....##
#.## #......## ##.......## #...
##########...####.........####...
.........)......@.........'......
##########...####.........####...
# #..## ##.......## ##.# # #.##
##.....## ### #.# ##...## # #.#
##'## # #.# #.# # ####.##### # #
# #........######. #


There were no monsters in sight!

Vanquished Creatures
  A worm (D:2)
  2 dart slugs (D:1)
  2 leopard geckos
  A giant cockroach (D:2)
  3 hobgoblins
  7 kobolds
  2 quokkas (D:2)
  A ball python (D:1)
  4 bats
  4 frilled lizards
  5 goblins
  8 rats
40 creatures vanquished.

Notes
Turn   | Place    | Note
-------+----------+-------------------------------------------
     0 | D:1      | Rediskos the Deep Elf Fire Elementalist began the quest for
                  | the Orb.
     0 | D:1      | Reached XP level 1. HP: 10/10 MP: 6/6
   228 | D:1      | Reached XP level 2. HP: 16/16 MP: 1/8
   232 | D:1      | Learned a level 2 spell: Throw Flame
  1395 | D:2      | Reached XP level 3. HP: 8/20 MP: 6/9
  1593 | D:2      | Learned a level 3 spell: Conjure Flame
  1991 | D:2      | Found a glowing silver altar of Zin.
  2246 | D:2      | Noticed Sigmund
  2497 | D:2      | Found a deep blue altar of Sif Muna.
  2551 | D:2      | Found a stormy altar of Qazlal.
  2707 | D:2      | Slain by Sigmund

Skill      XL: |  1  2  3 |
---------------+----------+-----
Dodging        | 3 |  3.0
Fighting       | |  0.9
Stealth        | |  2.4
Spellcasting   | |  3.5
Conjurations   | |  1.9
Fire Magic     | |  3.7

Action                   || total
-------------------------++-------
 Fire: Hunting sling     ||    23
 Cast: Flame Tongue      ||    58
       Throw Flame       ||    15
       Conjure Flame     ||     1
  Eat: Chunk             ||     3
       Ration            ||     1
Armor: Robe              ||     2
Dodge: Dodged            ||     5
